 Dungeon Crawl Stone Soup version 0.29-a0-757-g358383bc75 (webtiles) character file.

Game seed: 11156239293234105948

1262 Gwenloh the Chopper (level 8, -1/73 HPs)
             Began as a Hill Orc Fighter on June 28, 2022.
             Was an Initiate of Qazlal.
             Slain by Duvessa
             ... wielding a +1 rapier of venom
              (13 damage)
             ... on level 5 of the Dungeon on June 30, 2022.
             The game lasted 00:15:50 (6147 turns).

Gwenloh the Chopper (Hill Orc Fighter)              Turns: 6147, Time: 00:15:51

Health: -1/73      AC: 12    Str: 19    XL:     8   Next: 52%
Magic:  8/8        EV: 10    Int:  8    God:    Qazlal [......]
Gold:   415        SH:  5    Dex: 12    Spells: 7/7 levels left

rFire   . . .      SeeInvis .   a - +0 war axe
rCold   . . .      Faith    .   c - +0 buckler
rNeg    . . .      Spirit   .   o - +3 ring mail of Card Tricks {rElec}
rPois   .          Reflect  .   (no helmet)
rElec   +          Harm     .   r - +0 cloak
rCorr   .          Rampage  .   (no gloves)
Will    .....                   A - +0 pair of boots
Stlth   +.........              (no amulet)
HPRegen 0.22/turn               (no ring)
MPRegen 0.11/turn               (no ring)

@: mighty, brilliant
A: no striking features
a: Renounce Religion


You were on level 5 of the Dungeon.
You worshipped Qazlal.
Qazlal was noncommittal.
You visited 1 branch of the dungeon, and saw 5 of its levels.

You collected 415 gold pieces.

Inventory:

Hand Weapons
 a - a +0 war axe (weapon)
 m - a +2 flail of venom
Missiles
 s - 6 boomerangs (quivered)
Armour
 b - a +0 scale mail
 c - a +0 buckler (worn)
 o - the +3 ring mail of Card Tricks (worn) {rElec}
   (You found it on level 3 of the Dungeon)

   rElec:     It insulates you from electricity.
 r - a +0 cloak (worn)
 A - a +0 pair of boots (worn)
Wands
 B - a wand of flame (25)
Scrolls
 g - a scroll of blinking {unknown}
 h - 3 scrolls of fear {unknown}
 i - a scroll of summoning {unknown}
 j - 6 scrolls of identify {unknown}
 u - a scroll of enchant weapon {unknown}
 w - a scroll of poison {unknown}
 y - a scroll of enchant armour {unknown}
 C - a scroll of silence {unknown}
 D - a scroll of noise {unknown}
 E - a scroll of teleportation {unknown}
 F - a scroll of fog {unknown}
Potions
 d - a potion of might
 e - a potion of lignification {unknown}
 f - a potion of mutation {unknown}
 k - a potion of berserk rage
 l - a potion of haste {unknown}
 n - a potion of heal wounds {unknown}
 p - a potion of invisibility {unknown}
 q - 2 potions of flight {unknown}
 t - a potion of curing
 v - 2 potions of brilliance
 x - a potion of resistance {unknown}
 z - a potion of magic {unknown}


   Skills:
 + Level 7.0 Fighting
 + Level 7.0 Axes
 + Level 6.4 Armour
 + Level 6.3 Shields


You had 7 spell levels left.
You didn't know any spells.
Your spell library contained the following spells:

 Spells                   Type           Power      Damage    Failure   Level
 Blink                    Tloc           0%         N/A       80%         2
 Conjure Flame            Conj/Fire      0%         6-21      95%         3
 Ignite Poison            Fire/Tmut/Pois 0%         N/A       95%         3
 Lesser Beckoning         Tloc           0%         N/A       95%         3
 Olgreb's Toxic Radiance  Pois           0%         N/A       100%        4
 Sticky Flame             Conj/Fire      0%         2d3       100%        4
 Fireball                 Conj/Fire      0%         3d3       100%        5
 Iskenderun's Battlesphe  Conj           0%         2d6       100%        5
 Manifold Assault         Tloc           0%         N/A       100%        5
 Conjure Ball Lightning   Conj/Air       0%         3x3d6     100%        6
 Orb of Destruction       Conj           0%         9d5       100%        7
 Ozocubu's Refrigeration  Ice            0%         4d5       100%        7
 Ignition                 Fire           0%         3d3       100%        8


Dungeon Overview and Level Annotations

Branches:
Dungeon (5/15)
 Temple: D:4-7

Altars:
Ashenzari
Cheibriados
Qazlal

Annotations:
D:4 3 runed translucent doors, smoky173's ghost, amateur DgCj
D:5 Duvessa


Message History

You barely miss Duvessa.
Duvessa is heavily wounded.
You feel sick. Duvessa barely misses you.
Dowan casts a spell.
Dowan blinks!
You block Duvessa's attack.
You slash Duvessa!
Duvessa is almost dead.
You slash Dowan!
You feel sick.
Duvessa zaps a wand.
The puff of flame misses you.
The puff of flame misses Dowan.
Dowan hits you but does no damage.
You feel drained.
Duvessa hits you with a +1 rapier of venom.
* * * LOW HITPOINT WARNING * * *
You are more poisoned.
You barely miss Duvessa.
Duvessa is almost dead.
You slash Dowan!
* * * LOW HITPOINT WARNING * * *
You feel very sick. You block Dowan's attack.
Duvessa zaps a wand.
The puff of flame hits you.
* * * LOW HITPOINT WARNING * * *
Dowan says, "Magic and the sword, together, will defeat you."
Dowan points at you and mumbles some strange words.
The puff of frost hits you.
* * * LOW HITPOINT WARNING * * *
You feel better. Duvessa misses you. You block Duvessa's attack.
Dowan hits you but does no damage.
You feel drained.
It was a potion of brilliance.
You feel clever all of a sudden.
Duvessa zaps a wand.
The puff of flame misses you.
The puff of flame hits Dowan.
Dowan dies!
Duvessa screams in horror.
Duvessa goes berserk!
Your life force feels restored.
Your Fighting skill increases to level 7!
Your Axes skill increases to level 7!
You barely miss Duvessa.
Duvessa is almost dead.
Duvessa hits you with a +1 rapier of venom!
You die...

##.........#......#.#####.###...#
###.......######.##.# #........
####.....## ####.# #####.###
...##...## #....# ##.### ##.###'#
#.#### #..... ##.# #.# #.# #..###
##.# #.# #.# #..#
(#.###.#########e# #..###
...##..........#@# #..##.
.###.....#####.#)# #..... .#
#....#####.#.# #.####
.#####.#.##......# #.####
............##.### #.....
########.#####.# ###### #.#####.#
#.......# #########


You could see Duvessa (berserk, fast).

Vanquished Creatures
  Sigmund (D:5)
  A black bear (D:5)
  2 phantoms (D:5)
  3 scorpions
  3 wights
  A jelly (D:4)
  An orc priest (D:5)
  3 hounds
  An orc wizard (D:5)
  5 iguanas
  A mummy (D:3)
  A gnoll (D:1)
  2 adders
  2 shadow imps
  A white imp (D:5)
  An ufetubus (D:5)
  2 worms (D:2)
  3 dart slugs
  11 orcs
  12 ball pythons
  4 bats
  7 endoplasms
  3 giant cockroaches
  2 goblins
  10 hobgoblins
  11 jackals
  3 quokkas
  6 kobolds
  9 rats
112 creatures vanquished.

Vanquished Creatures (others)
  Dowan (D:5)
1 creature vanquished.

Grand Total: 113 creatures vanquished

Notes
Turn   | Place    | Note
-------+----------+-------------------------------------------
     0 | D:1      | Gwenloh the Hill Orc Fighter began the quest for the Orb.
     0 | D:1      | Reached XP level 1. HP: 19/19 MP: 1/1
    97 | D:1      | Reached XP level 2. HP: 27/27 MP: 2/2
   199 | D:1      | Reached XP level 3. HP: 31/33 MP: 3/3
   405 | D:1      | Upgraded the game from 0.29-a0-723-gce39da1c22 to
                  | 0.29-a0-732-g3d7fbe0af2
  1077 | D:2      | Reached XP level 4. HP: 36/40 MP: 4/4
  1993 | D:3      | Identified the +3 ring mail of Card Tricks {rElec}
  2063 | D:3      | Reached XP level 5. HP: 22/47 MP: 5/5
  2320 | D:3      | Found a faded altar of an unknown god.
  2356 | D:3      | Found a snail-covered altar of Cheibriados.
  3559 | D:4      | Reached skill level 5 in Fighting
  3559 | D:4      | Reached XP level 6. HP: 51/54 MP: 6/6
  3717 | D:4      | Reached skill level 5 in Axes
  3831 | D:4      | Reached skill level 5 in Armour
  3930 | D:4      | Reached skill level 5 in Shields
  3930 | D:4      | Reached XP level 7. HP: 53/61 MP: 7/7
  4033 | D:4      | Found a runed translucent gate.
  4033 | D:4      | Found a runed translucent gate.
  4033 | D:4      | Found a runed translucent gate.
  4034 | D:4      | Noticed smoky173's ghost (amateur DgCj)
  4267 | D:4      | Found a broken altar of Ashenzari.
  4306 | D:4      | Found a stormy altar of Qazlal.
  4673 | D:4      | Upgraded the game from 0.29-a0-732-g3d7fbe0af2 to
                  | 0.29-a0-757-g358383bc75
  4775 | D:4      | Became a worshipper of Qazlal Stormbringer
  4811 | D:5      | Entered Level 5 of the Dungeon
  5007 | D:5      | Noticed Sigmund
  5052 | D:5      | Killed Sigmund
  5053 | D:5      | Reached XP level 8. HP: 57/71 MP: 8/8
  6131 | D:5      | Noticed Duvessa
  6131 | D:5      | Noticed Dowan
  6146 | D:5      | Killed Dowan
  6147 | D:5      | Slain by Duvessa

Illustrated notes

Levels and vault maps discovered:
D:1:      dpeg_arrival_shrine, layout_rooms, kennysheep_small_spiral
D:2:      layout_basic
D:3:      layout_basic, slow_altar_1, shapermc_ecumenical_altar_gd,
          minmay_quantized
D:4:      layout_loops_cross, mainiacjoe_overflow_two_lobes,
          gammafunk_ghost_split, minivault_19
D:5:      layout_loops_corners, uniq_sigmund, uniq_duvessa

Skill      XL: |  1  2  3  4  5  6  7  8 |
---------------+-------------------------+-----
Axes           | 3 4 5 6 7 |  7.0
Fighting       | 4 5 6 7 |  7.0
Armour         | 4 5 6 |  6.4
Shields        | 4 5 6 |  6.3

Action                   |  1- 3 |  4- 6 |  7- 9 || total
-------------------------+-------+-------+-------++-------
Melee: War axe           |    87 |   154 |   121 ||   362
Throw: Stone             |       |     8 |       ||     8
       Boomerang         |       |    17 |    22 ||    39
  Use: Potion            |       |     1 |     4 ||     5
Armor: Scale mail        |    32 |    28 |       ||    60
       Ring mail         |       |    22 |    45 ||    67
Dodge: Dodged            |    46 |    65 |    59 ||   170
Block: Buckler           |    19 |    37 |    41 ||    97

Table legend: (Time is in decaauts)
 A = Elapsed time spent in this place.
 B = Non-inter-level travel time spent in this place.
 C = Inter-level travel time spent in this place.
 D = Time resting spent in this place.
 E = Time spent auto-exploring this place.
 F = Levels seen in this place.
 G = Mean time per level.
                   A        B        C        D        E       F      G
               +--------+--------+--------+--------+--------+-----+--------+
         Total |   6292 |   6043 |    249 |    510 |   4249 |   5 | 1258.4 |
       Dungeon |   6292 |   6043 |    249 |    510 |   4249 |   5 | 1258.4 |
               +--------+--------+--------+--------+--------+-----+--------+

Top non-repeatable levels by time:
     D:3: 1685 daAuts
     D:5: 1341 daAuts
     D:4: 1302 daAuts
     D:1: 1061 daAuts
     D:2: 901 daAuts
